 Dungeon Crawl Stone Soup version 0.23-a0-326-gb49dddc804 (webtiles) character file.

55558 Napalmbreeze the Frost Mage (level 14, -7/111 HPs)
             Began as a Barachi Ice Elementalist on Oct 16, 2018.
             Was a High Priest of Sif Muna.
             Mangled by a sixfirhy (11 damage)
             ... summoned by an orc sorcerer
             ... led by an orc knight
             ... on level 1 of the Orcish Mines.
             The game lasted 01:57:14 (42858 turns).

Napalmbreeze the Frost Mage (BaIE)                 Turns: 42858, Time: 01:57:15

Health: -7/111     AC: -3    Str:  9    XL:     14   Next: 77%
Magic:  6/27       EV: 16    Int: 22    God:    Sif Muna [*****.]
Gold:   1537       SH:  3    Dex: 14    Spells: 15/31 levels left

rFire    . . .     SeeInvis .   E - +1 battleaxe "Hocler" {venom, Int+2}
rCold    . . .     Gourm    .   (shield currently unavailable)
rNeg     + . .     Faith    .   S - +0 steam dragon scales
rPois    .         Spirit   .   n - +1 helmet
rElec    .         Reflect  +   (no cloak)
rCorr    .         Harm     .   r - +2 pair of gloves
MR       ++...                  (no boots)
Stlth    ++........             A - +3 amulet of reflection
HPRegen  0.28/turn              M - ring of positive energy
MPRegen  0.20/turn              N - ring of protection from magic

@: corroded, slow
A: +LOS, swims, slowness 1, strong legs 2
a: Hop, Divine Energy, Channel Magic, Forget Spell, Renounce Religion


You were on level 1 of the Orcish Mines.
You worshipped Sif Muna.
Sif Muna was extremely pleased with you.
You were not hungry.

You visited 4 branches of the dungeon, and saw 23 of its levels.
You also visited: Ice Cave.

You collected 2001 gold pieces.
You spent 464 gold pieces at shops.

Inventory:

Hand Weapons
 y - a +5 hand axe
 E - the +1 battleaxe "Hocler" (weapon) {venom, Int+2}
   (You found it on level 2 of the Lair of Beasts)

   It poisons the flesh of those it strikes.
   It affects your intelligence (+2).
Armour
 a - a +0 robe
 n - a +1 helmet (worn)
 r - a +2 pair of gloves (worn)
 K - a +2 robe of cold resistance
 S - +0 steam dragon scales (worn)
Jewellery
 f - an uncursed ring of protection from cold
 x - a +1 ring of protection
 A - a +3 amulet of reflection (around neck)
 M - a ring of positive energy (left hand)
 N - a ring of protection from magic (right hand)
 O - an uncursed ring of resist corrosion
Wands
 e - a wand of digging (10)
 h - a wand of iceblast (20)
 C - a wand of polymorph (32)
 G - a wand of random effects (35)
 H - a wand of disintegration (18)
 Q - a wand of paralysis (17)
Scrolls
 b - a scroll of fear
 d - a scroll of immolation {unknown}
 g - 5 scrolls of identify
 i - 2 scrolls of enchant armour
 k - 3 scrolls of enchant weapon
 u - 3 scrolls of blinking {unknown}
 v - 5 scrolls of amnesia
 w - 11 scrolls of remove curse
 D - 2 scrolls of acquirement {unknown}
 F - 3 scrolls of teleportation
 I - a scroll of torment {unknown}
 L - 2 scrolls of holy word {unknown}
 T - a scroll of fog {unknown}
Potions
 j - a potion of haste
 l - 4 potions of might {unknown}
 m - 3 potions of lignification {unknown}
 p - a potion of magic {unknown}
 q - 3 potions of flight {unknown}
 s - 4 potions of berserk rage {unknown}
 t - 4 potions of agility {unknown}
 z - 3 potions of resistance
 J - a potion of mutation {unknown}
 R - 2 potions of curing
 U - a potion of brilliance {unknown}
Comestibles
 c - 16 rations
 o - a chunk of flesh


   Skills:
 - Level 10.8 Fighting
 - Level 10.0 Axes
 + Level 6.4 Armour
 - Level 7.5 Dodging
 - Level 1.7 Stealth
 - Level 9.4 Spellcasting
 + Level 10.1 Conjurations
 - Level 3.5 Hexes
 - Level 7.0 Summonings
 + Level 9.2 Fire Magic
 - Level 14.2 Ice Magic


You had 15 spell levels left.
You knew the following spells:

 Your Spells              Type           Power        Failure   Level  Hunger
a - Freeze                Ice            ####         1%          1    None
e - Fireball              Conj/Fire      ######....   3%          5    ####...
s - Throw Icicle          Conj/Ice       ######..     1%          4    ##.....
v - Slow                  Hex            ####....     2%          2    None
w - Summon Ice Beast      Ice/Summ       ######..     1%          4    ##.....

Your spell library contained the following spells:

 Spells                   Type           Power        Failure   Level  Hunger
 Confusing Touch          Hex            ####..       1%          1    None
 Corona                   Hex            ####...      1%          1    None
 Magic Dart               Conj           ####         1%          1    None
 Shock                    Conj/Air       ####         1%          1    None
 Summon Small Mammal      Summ           ####         1%          1    None
 Call Imp                 Summ           #####...     1%          2    None
 Throw Frost              Conj/Ice       ######       1%          2    None
 Conjure Flame            Conj/Fire      ######..     1%          3    None
 Inner Flame              Hex/Fire       #####...     1%          3    None
 Ozocubu's Armour         Chrm/Ice       #####...     1%          3    None
 Iskenderun's Mystic Bla  Conj           ######..     1%          4    ##.....
 Sticky Flame             Conj/Fire      ######..     1%          4    ##.....
 Static Discharge         Conj/Air       ####....     2%          3    None
 Confuse                  Hex            ####....     4%          3    None
 Mephitic Cloud           Conj/Pois/Air  ####....     4%          3    None
 Metabolic Englaciation   Hex/Ice        #####.....   4%          5    ####...
 Ignite Poison            Fire/Tmut/Pois ###.....     5%          3    None
 Animate Skeleton         Necr           N/A          6%          1    None
 Apportation              Tloc           ##....       6%          1    None
 Infusion                 Chrm           ##..         6%          1    None
 Force Lance              Conj/Tloc      ####....     8%          4    ##.....
 Blink                    Tloc           N/A          10%         2    None
 Shroud of Golubria       Chrm/Tloc      ##........   10%         2    None
 Song of Slaying          Chrm           ##......     10%         2    None
 Portal Projectile        Hex/Tloc       ###...       10%         3    None
 Spectral Weapon          Hex/Chrm       ###.....     10%         3    None
 Cause Fear               Hex            ####......   16%         4    ##.....
 Gell's Gravitas          Tloc           ##........   19%         3    None
 Regeneration             Chrm/Necr      ##........   19%         3    None
 Bolt of Fire             Conj/Fire      ######....   19%         6    ######.
 Leda's Liquefaction      Hex/Erth       ###.......   30%         4    ##.....
 Petrify                  Tmut/Erth      ##......     54%         4    ##.....
 Yara's Violent Unravell  Hex/Tmut       ###.......   65%         5    ####...
 Conjure Ball Lightning   Conj/Air       ####......   77%         6    ######.
 Statue Form              Tmut/Erth      ##.......    100%        6    ######.
 Ring of Flames           Chrm/Fire      ####......   100%        7    #######
 Ignition                 Fire           ######....   100%        8    #######
 Shatter                  Erth           ##........   100%        9    #######
 Tornado                  Air            ##........   100%        9    #######


Dungeon Overview and Level Annotations

Branches:
Dungeon (15/15)            Temple (1/1) D:5            Lair (6/6) D:8
 Shoals (0/4) Lair:4       Spider (0/4) Lair:2        Slime (0/5) Lair:5
    Orc (1/2) D:9          Vaults (0/5) D:14         Depths (0/5) D:15

Altars:
Dithmenos
Elyvilon
Fedhas
Gozag
Hepliaklqana
Ru
Sif Muna
Jiyva

Shops:
D:7 =   D:8 [   D:9 [   D:10 %   D:12 }   D:13 [

Annotations:
D:14 2 runed doors, Norriv's ghost, journeyman MiFi
D:15 exclusion: Roxanne, Roxanne
Lair:5 exclusions: downstairs and 4 oklob plants
Orc:1 1 runed door, exclusion: 2 orange crystal statues


Innate Abilities, Weirdness & Mutations

Shadows flee at your approach. (+LOS)
You can swim through water.
You cover ground slowly.
You can hop long distances.


Message History

The orc sorcerer is severely wounded.
You hit the hellwing but do no damage.
You hit the rust devil but do no damage.
The sixfirhy hits you!
* * * LOW HITPOINT WARNING * * *
The sixfirhy shocks you!
* * * LOW HITPOINT WARNING * * *
The rust devil barely misses you.
The orc sorcerer points at you and mumbles some strange words.
You resist with almost no effort.
Casting: Fireball (safe; 3% risk of failure)
Confirm with . or Enter, or press ? or * to list all spells.
Aiming: Throw Icicle (safe; 1% risk of failure)
Press: ? - help, Shift-Dir - straight line, f/p - orc sorcerer
Aim: an orc sorcerer, wielding a +0 dagger and wearing a +2 robe of fire The shard of ice misses the orc sorcerer.
The sixfirhy hits you!
* * * LOW HITPOINT WARNING * * *
The sixfirhy shocks you!
You die...

.....##.#...
....#......
####........... #
##.#.#.#........ #
##.......#.).....
#
##.#.........$....
#......4..).....>.
#
#.....3o)).......
# ####
###...@4)#.......
##...##
##.$#.##.......
......#
#..............
.....##
##....##.......
.....#### ##..##
...... ....###.##
###...# .....
..###....###..#.##
#...
..#............##
.
.)....#.......#.##


You could see a hellwing, a rust devil, a sixfirhy and an orc sorcerer.

Vanquished Creatures
  2 orc warlords (D:9)
  Fannar (Lair:3)
  A vault guard (D:14)
  A centaur warrior (D:15)
  A two-headed ogre (D:11)
  2 unseen horrors
  A wizard (D:14)
  A necromancer (D:14)
  A cyclops (D:13)
  2 ugly things
  An elephant (Lair:6)
  2 black mambas (Lair:2)
  A centaur zombie (D:15)
  A torpor snail (Lair:2)
  2 spiny frogs
  3 centaur skeletons
  3 komodo dragons
  A komodo dragon (shapeshifter) (D:15)
  An ice devil (IceCv)
  A yaktaur (D:15)
  2 tengu conjurers (D:14)
  2 trolls
  5 polar bears (Lair:6)
  Grinder (D:5)
  A slime creature (D:15)
  A hornet (Lair:6)
  8 blink frogs
  2 hippogriffs (D:14)
  A dream sheep (Lair:6)
  A shadow (D:14)
  A wraith (D:13)
  4 spriggans
  15 yaks
  6 humans (D:14)
  Eustachio (D:6)
  A basilisk (D:13)
  2 steam dragons
  A hungry ghost (D:8)
  2 wargs (Orc:1)
  6 porcupines
  7 water moccasins
  9 orc warriors
  6 sky beasts
  3 ice beasts
  A phantom (D:5)
  3 centaurs
  A necrophage (D:14)
  2 boggarts (Lair:6)
  An ogre (D:11)
  10 wolves (Lair:6)
  2 eyes of draining
  4 crocodiles
  11 bullfrogs
  3 big kobolds
  5 scorpions
  A wyvern skeleton (D:11)
  4 killer bees
  5 wights
  A vampire bat (D:13)
  4 electric eels
  A crimson imp (D:13)
  2 bullfrog zombies (D:11)
  A jelly (D:5)
  A quasit (D:11)
  4 hounds
  3 bullfrog skeletons
  3 orc priests
  13 orc wizards
  3 iguanas
  6 worker ants
  A hound skeleton (D:11)
  11 adders
  5 shadow imps
  2 oozes
  An adder zombie (D:9)
  A worm (D:4)
  A dart slug (D:3)
  4 leopard geckos
  31 orcs
  7 bats
  3 giant cockroaches
  12 goblins
  5 hobgoblins
  28 jackals
  4 quokkas
  2 ball pythons
  4 frilled lizards
  12 kobolds
  A quokka skeleton (D:6)
  10 rats
  3 fungi
  2 plants
362 creatures vanquished.

Vanquished Creatures (collateral kills)
  Snorg (Lair:3)
  A yaktaur captain (D:15)
  9 hydras
  A centaur warrior (D:15)
  A catoblepas (Lair:6)
  A death yak (Lair:5)
  5 two-headed ogres
  A sixfirhy (D:14)
  An orc knight (Orc:1)
  A wizard (D:14)
  2 orc sorcerers (Orc:1)
  A wolf spider (Lair:2)
  5 cyclopes
  4 ugly things (D:14)
  A manticore (D:14)
  4 slime creatures
  2 elephants (Lair:6)
  A centaur zombie (D:13)
  A merfolk siren (Lair:4)
  4 black mambas
  7 spiny frogs
  A gargoyle (D:14)
  A redback zombie (D:13)
  7 komodo dragons
  A polar bear (Lair:6)
  4 trolls
  3 meliai (D:14)
  6 hornets
  13 blink frogs
  8 hippogriffs
  3 dream sheep
  2 wraiths
  10 spriggans (Lair:6)
  2 wyverns
  23 yaks
  4 basilisks
  13 humans (D:14)
  2 vampire mosquitoes (D:12)
  5 wargs (Orc:1)
  6 water moccasins
  2 porcupines
  7 orc warriors
  3 ice beasts
  4 sky beasts
  A phantom (D:6)
  5 black bears
  An eye of draining (D:12)
  2 necrophages
  9 ogres
  2 boggarts (Lair:6)
  16 wolves
  4 centaurs
  9 crocodiles
  2 big kobolds (D:11)
  7 bullfrogs
  3 scorpions
  A water moccasin skeleton (D:8)
  12 killer bees
  4 wights
  A vampire bat (D:13)
  A howler monkey (D:11)
  5 electric eels (D:8)
  A crimson imp (D:14)
  2 bullfrog zombies
  3 centaur skeletons
  6 orc priests
  5 hounds
  3 jellies
  2 gnoll shamans (D:9)
  10 orc wizards
  3 worker ants
  A hound zombie (D:6)
  A worker ant zombie (D:7)
  9 gnolls (D:9)
  5 adders
  A shadow imp (D:7)
  2 white imps (IceCv)
  An ufetubus (IceCv)
  2 adder skeletons
  34 orcs
  A bat (D:13)
  2 jackals (D:8)
  A quokka (D:8)
364 creatures vanquished.

Vanquished Creatures (others)
  A reaper (IceCv)
  8 white imps (IceCv)
  7 ufetubi (IceCv)
  26 fungi
  8 plants
50 creatures vanquished.

Grand Total: 776 creatures vanquished

Notes
Turn   | Place    | Note
-------+----------+-------------------------------------------
     0 | D:1      | Napalmbreeze the Barachi Ice Elementalist began the quest
                  | for the Orb.
     0 | D:1      | Reached XP level 1. HP: 13/13 MP: 3/3
   314 | D:1      | Reached skill level 4 in Ice Magic
   314 | D:1      | Reached XP level 2. HP: 17/20 MP: 5/5
   399 | D:1      | Reached skill level 1 in Fighting
   919 | D:1      | Reached XP level 3. HP: 26/26 MP: 0/6
  1659 | D:2      | Found a blossoming altar of Fedhas.
  2074 | D:3      | Reached XP level 4. HP: 25/33 MP: 4/8
  2100 | D:3      | Learned a level 4 spell: Summon Ice Beast
  2136 | D:3      | Reached skill level 5 in Ice Magic
  2687 | D:3      | Reached skill level 1 in Summonings
  2936 | D:3      | Reached XP level 5. HP: 38/38 MP: 5/9
  3643 | D:4      | Reached XP level 6. HP: 26/46 MP: 9/11
  3661 | D:4      | Reached skill level 6 in Ice Magic
  4446 | D:5      | Entered Level 5 of the Dungeon
  4566 | D:5      | Noticed Grinder
  4568 | D:5      | Paralysed by Grinder for 3 turns
  4581 | D:5      | Paralysed by Grinder for 2 turns
  4595 | D:5      | Paralysed by Grinder for 4 turns
  4606 | D:5      | Paralysed by Grinder for 3 turns
  4610 | D:5      | Paralysed by Grinder for 3 turns
  4618 | D:5      | Killed Grinder
  4618 | D:5      | Reached XP level 7. HP: 37/53 MP: 3/13
  4706 | D:5      | Learned a level 4 spell: Throw Icicle
  4724 | D:5      | Found a staircase to the Ecumenical Temple.
  4812 | D:5      | Reached skill level 7 in Ice Magic
  4844 | D:5      | Found a shadowy altar of Dithmenos.
  5065 | D:5      | Found a white marble altar of Elyvilon.
  5754 | D:6      | Reached XP level 8. HP: 52/61 MP: 2/14
  6169 | D:6      | Reached skill level 8 in Ice Magic
  7204 | D:6      | Noticed Eustachio
  7214 | D:6      | Killed Eustachio
  7214 | D:6      | Reached skill level 5 in Fighting
  7463 | Temple   | Entered the Ecumenical Temple
  7476 | Temple   | Became a worshipper of Sif Muna the Loreminder
  7654 | D:7      | Found Subicoko's Jewellery Shop.
  7656 | D:7      | Found an opulent altar of Gozag.
  7773 | D:7      | Reached skill level 5 in Spellcasting
  8124 | D:7      | Reached skill level 9 in Ice Magic
  8169 | D:7      | Reached skill level 5 in Summonings
  8173 | D:7      | Noticed a hippogriff
  8662 | D:7      | Killed a hippogriff
  8662 | D:7      | Reached XP level 9. HP: 57/69 MP: 4/17
  9546 | D:8      | Noticed a troll
  9557 | D:8      | Killed a troll
  9557 | D:8      | Reached * piety under Sif Muna
 10332 | D:8      | Reached skill level 10 in Ice Magic
 10431 | D:8      | HP: 3/69 [electric eel/bolt of electricity (3)]
 11003 | D:8      | Found a staircase to the Lair.
 12730 | D:8      | Found Hipsuthrosa's Armour Boutique.
 12733 | D:8      | Bought a +2 pair of gloves for 198 gold pieces
 12776 | D:9      | Noticed a troll
 12782 | D:9      | Killed a troll
 12946 | D:9      | Reached XP level 10. HP: 69/77 MP: 12/19
 13063 | D:9      | Found a staircase to the Orcish Mines.
 13066 | D:9      | Found Kojifoll's Armour Boutique.
 13472 | D:9      | Noticed a two-headed ogre
 13482 | D:9      | Killed a two-headed ogre
 13482 | D:9      | Reached ** piety under Sif Muna
 13482 | D:9      | Reached skill level 11 in Ice Magic
 13886 | D:10     | Entered Level 10 of the Dungeon
 13886 | D:10     | Noticed a two-headed ogre
 13892 | D:10     | Killed a two-headed ogre
 13892 | D:10     | Reached skill level 5 in Conjurations
 14205 | D:10     | Reached skill level 1 in Axes
 15210 | D:10     | Found Noivieb's Food Boutique.
 15338 | D:11     | Noticed a cyan ugly thing
 15363 | D:11     | Killed a cyan ugly thing
 15700 | Lair:1   | Entered Level 1 of the Lair of Beasts
 15938 | Lair:1   | Noticed a six-headed hydra
 15948 | Lair:1   | Killed a six-headed hydra
 15948 | Lair:1   | Reached *** piety under Sif Muna
 16105 | Lair:1   | Reached skill level 12 in Ice Magic
 16105 | Lair:1   | Reached XP level 11. HP: 86/86 MP: 16/21
 17013 | Lair:2   | Got a shimmering battleaxe
 17016 | Lair:2   | Identified the cursed +1 battleaxe "Hocler" {venom, Int+2}
                  | (You found it on level 2 of the Lair of Beasts)
 18370 | Lair:2   | Found a hole to the Spider Nest.
 18370 | Lair:2   | Noticed a wolf spider
 18379 | Lair:2   | Killed a wolf spider
 18939 | Lair:3   | Noticed Snorg
 18941 | Lair:3   | Noticed Fannar
 18948 | Lair:3   | Killed Snorg
 19224 | Lair:3   | Killed Fannar
 19250 | Lair:3   | Reached **** piety under Sif Muna
 19306 | Lair:3   | Found a frozen archway.
 19317 | IceCv    | Entered an ice cave
 19576 | IceCv    | Killed a reaper
 20149 | Lair:3   | Reached skill level 13 in Ice Magic
 20228 | Lair:3   | HP: 3/89 [blink frog (14)]
 20650 | Lair:3   | Reached skill level 5 in Dodging
 21102 | Lair:3   | Reached skill level 5 in Axes
 21102 | Lair:3   | Reached XP level 12. HP: 81/95 MP: 12/24
 22326 | Lair:4   | Noticed a five-headed hydra
 22333 | Lair:4   | Killed a five-headed hydra
 22681 | Lair:4   | Found a staircase to the Shoals.
 23130 | Lair:5   | Noticed a death yak
 23149 | Lair:5   | Killed a death yak
 23613 | Lair:5   | Found a viscous altar of Jiyva.
 23614 | Lair:5   | Found a staircase to the Slime Pits.
 24126 | Lair:6   | Entered Level 6 of the Lair of Beasts
 25154 | Lair:6   | Reached skill level 14 in Ice Magic
 25501 | Lair:6   | Noticed a catoblepas
 25869 | Lair:6   | Killed a catoblepas
 25869 | Lair:6   | Reached skill level 10 in Fighting
 26134 | Lair:6   | Learned a level 2 spell: Slow
 26485 | Lair:6   | Noticed a four-headed hydra
 26494 | Lair:6   | Killed a four-headed hydra
 26494 | Lair:6   | Reached skill level 1 in Hexes
 26890 | Lair:6   | Gained mutation: You can hop long distances. [Barachi
                  | growth]
 26890 | Lair:6   | Reached XP level 13. HP: 54/104 MP: 11/26
 27236 | Lair:6   | HP: 5/104 [spriggan/+0 short sword (5)]
 28360 | Lair:6   | Reached ***** piety under Sif Muna
 28375 | Lair:6   | Identified Racsub's Collected Works on Blistering
                  | Conjuration (Sif Muna gifted it to you on level 6 of the
                  | Lair of Beasts)
 28375 | Lair:6   | Received a gift from Sif Muna
 29147 | Lair:6   | Learned a level 5 spell: Fireball
 29366 | D:11     | Reached skill level 1 in Fire Magic
 31142 | D:12     | Reached skill level 5 in Fire Magic
 31315 | D:12     | Found Hulyamew's Gadget Shoppe.
 34624 | D:13     | Found Wasej's Antique Armour Boutique.
 34628 | D:13     | Bought an obsidian-encrusted chain mail for 266 gold pieces
 34638 | D:13     | Identified the cursed +0 chain mail of Gufuppa {*Slow +Fly
                  | rPois rF++} (You bought it in a shop on level 13 of the
                  | Dungeon)
 35333 | D:14     | Reached skill level 1 in Armour
 35360 | D:14     | Reached XP level 14. HP: 108/111 MP: 17/27
 35411 | D:14     | Found a runed door.
 35903 | D:14     | Received a gift from Sif Muna
 35992 | D:14     | Noticed Norriv's ghost (journeyman MiFi)
 35993 | D:14     | Noticed a lich
 35994 | D:14     | Noticed a frost giant
 36117 | D:14     | Found a runed door.
 36167 | D:14     | Found a runed door.
 36177 | D:14     | Found a sacrificial altar of Ru.
 36192 | D:14     | HP: 5/111 [meliai/divine providence (10)]
 37238 | D:14     | Found a gate to the Vaults.
 37762 | D:15     | Entered Level 15 of the Dungeon
 37783 | D:15     | Reached skill level 10 in Axes
 38839 | D:15     | Found a staircase to the Depths.
 38860 | D:15     | Reached skill level 5 in Armour
 39590 | D:15     | Identified Roxanne's Guide on Changing
 39590 | D:15     | Noticed Roxanne
 40446 | Orc:1    | Entered Level 1 of the Orcish Mines
 40589 | Orc:1    | Found a runed door.
 40615 | Orc:1    | Noticed an orc warlord
 40619 | Orc:1    | Paralysed by an orc sorcerer for 6 turns
 40623 | Orc:1    | HP: 1/111 [orc warrior/+0 halberd[an orc warlord] (14)]
 41686 | D:9      | Killed an orc warlord
 41686 | D:9      | Identified Juifiox's Guide on Aerial Stones (Sif Muna
                  | gifted it to you on level 9 of the Dungeon)
 41686 | D:9      | Received a gift from Sif Muna
 41954 | Orc:1    | Found the +10 large shield of Ignorance {rN+ Int-4}
 42065 | Orc:1    | Noticed an orc warlord
 42441 | D:9      | Killed an orc warlord
 42441 | D:9      | Reached skill level 10 in Conjurations
 42858 | Orc:1    | HP: 4/111 [sixfirhy[an orc knight] (11)]
 42858 | Orc:1    | Mangled by a sixfirhy

Vault maps used:
D:1:      zelgadis_glass_arrival_small, chequers_arboretum
D:2:      serial_forest, infiniplex_forest_straight_2, infiniplex_forest_end_1,
          infiniplex_forest_fountain, infiniplex_forest_clump_C,
          infiniplex_forest_clump_cross, fedhas_altar_4
D:3:      first_ration, glass_columns_b, patterned_corridor
D:5:      overflow_temple_1_default, minmay_temple_entry_from_below_b,
          basic_altar, kennysheep_decorative_pillar, uniq_grinder
D:6:      uniq_eustachio
D:7:      serial_shops, shop, nicolae_gozag_seed_capital
D:8:      erik_lair_island, serial_shops, kennysheep_mini
D:9:      orc_david_3
D:10:     serial_shops, shop
D:11:     hangedman_ranch, basic_loot_grate_trap
D:12:     serial_shops, shop
D:13:     serial_shops, shop, serial_bayou, serial_bayou_shore_b,
          serial_bayou_shore_a, serial_bayou_ford_a, serial_bayou_shore_b,
          chequers_serial_rivers_small_3, roderic_batcave
D:14:     cheibrodos_shockbox, grunt_vaults_entry_tiered,
          muffindrake_ghost_dual_entry, nicolae_ru_awakened_eye
D:15:     grunt_enter_depths_snipers, palyth_stone_intersect, uniq_roxanne
Temple:   minmay_crystal_snake_temple
Lair:2:   spider_nest_entry_rubble, lightli_volcano_entry_magma_tube
Lair:3:   portal_ice_cave_entry_pillars_1, beast_lair_carwin_5, uniq_snorg,
          uniq_fannar
Lair:4:   elwin_shoals_entry_rooms
Lair:5:   slime_altar_1, grunt_forest_large_clearing_hut,
          minmay_lair_oklob_chamber, infiniplex_staircase_pool
Lair:6:   minmay_lair_end_enchanted_forest
Orc:1:    chequers_guarded_unrand_ignorance
IceCv:    ice_cave_small_demon

Skill      XL: |  1  2  3  4  5  6  7  8  9 10 11 12 13 14 |
---------------+-------------------------------------------+-----
Ice Magic      | 4 5 6 7 9 10 12 13 14 | 14.2
Fighting       | 1 2 3 4 5 6 8 9 10 | 10.8
Spellcasting   | 3 4 5 6 7 8 9 |  9.4
Summonings     | 1 2 3 5 6 7 |  7.0
Conjurations   | 3 4 6 7 8 10 | 10.1
Axes           | 3 5 6 9 10 | 10.0
Dodging        | 3 5 6 7 |  7.5
Hexes          | 1 3 |  3.5
Fire Magic     | 7 9 |  9.2
Armour         | 1 6 |  6.4
Stealth        | |  1.7

Action                   |  1- 3 |  4- 6 |  7- 9 | 10-12 | 13-15 || total
-------------------------+-------+-------+-------+-------+-------++-------
Melee: Dagger            |    91 |    60 |       |       |       ||   151
       Unarmed           |     1 |       |       |       |       ||     1
       Hand axe          |       |    77 |   181 |    70 |       ||   328
       Battleaxe         |       |       |       |   169 |   541 ||   710
 Cast: Freeze            |    36 |    80 |    50 |    53 |     6 ||   225
       Summon Ice Beast  |       |     3 |    89 |   208 |   269 ||   569
       Throw Icicle      |       |       |    15 |    65 |    56 ||   136
       Slow              |       |       |       |     1 |     2 ||     3
       Fireball          |       |       |       |       |    17 ||    17
 Abil: Hop               |       |     1 |     2 |     3 |    12 ||    18
Evoke: Wand              |       |       |       |       |    14 ||    14
  Use: Scroll            |     1 |     3 |    11 |     4 |     4 ||    23
       Potion            |       |       |     2 |    11 |     5 ||    18
 Stab: Sleeping          |     4 |     7 |     1 |     1 |     4 ||    17
       Distracted        |       |       |     2 |     3 |     9 ||    14
  Eat: Chunk             |     1 |     8 |    16 |    30 |    27 ||    82
       Ration            |     1 |     1 |     9 |    12 |    13 ||    36
Armor: Robe              |    32 |    44 |    48 |   117 |    59 ||   300
       Steam dragon scal |       |       |       |       |   242 ||   242
Dodge: Dodged            |    92 |   143 |   195 |   245 |   689 ||  1364
Block: Other             |       |       |    26 |    43 |   122 ||   191
       Reflection        |       |       |     2 |       |    10 ||    12

Table legend:
 A = Non-vault XP
 B = Vault XP
 C = Vault XP percentage of total XP
 D = Non-vault monster count
 E = Vault monster count
 F = Vault count percentage of total count
                 A         B        C        D         E       F
            +---------+---------+-------+---------+---------+-------
      Total |   59749 |   19620 |  24.7 |     600 |     121 |  16.8
            +---------+---------+-------+---------+---------+-------
        D:1 |      37 |       0 |   0.0 |      22 |       0 |   0.0
        D:2 |      32 |       0 |   0.0 |      14 |       0 |   0.0
        D:3 |     115 |       0 |   0.0 |      34 |       0 |   0.0
        D:4 |     374 |       0 |   0.0 |      18 |       0 |   0.0
        D:5 |     457 |     179 |  28.1 |      16 |       1 |   5.9
        D:6 |     560 |     121 |  17.8 |      24 |       1 |   4.0
        D:7 |     815 |       0 |   0.0 |      32 |       0 |   0.0
        D:8 |    1259 |     427 |  25.3 |      29 |       8 |  21.6
        D:9 |    3930 |      11 |   0.3 |      36 |       5 |  12.2
       D:10 |    1596 |       0 |   0.0 |      21 |       0 |   0.0
       D:11 |    3887 |    1122 |  22.4 |      55 |       8 |  12.7
       D:12 |    4238 |       0 |   0.0 |      29 |       0 |   0.0
       D:13 |    4518 |      88 |   1.9 |      30 |       6 |  16.7
       D:14 |    9505 |    5467 |  36.5 |      51 |      26 |  33.8
       D:15 |    4140 |    1698 |  29.1 |      21 |       3 |  12.5
     Lair:1 |    2407 |       0 |   0.0 |      18 |       0 |   0.0
     Lair:2 |    2868 |     287 |   9.1 |      18 |       1 |   5.3
     Lair:3 |    2763 |    2212 |  44.5 |      21 |       6 |  22.2
     Lair:4 |    1304 |     361 |  21.7 |       7 |       1 |  12.5
     Lair:5 |    1291 |     935 |  42.0 |      10 |       3 |  23.1
     Lair:6 |    9620 |    6346 |  39.7 |      51 |      48 |  48.5
      Orc:1 |    4033 |       0 |   0.0 |      43 |       0 |   0.0
      IceCv |       0 |     366 | 100.0 |       0 |       4 | 100.0
            +---------+---------+-------+---------+---------+-------
